cohdb
Replays
Latest Replays
All Replays
Popular Replays
Top Player Replays
Match Explorer
How It Works
Community
CoH3 Stats
Reddit
Sign in to upload your games and track your stats! →
Sign in with Steam
defense light vehicle spam
Match 18127737
Overview
Messages
Build Orders
End
Construct Barracks
Selects Armored Battlegroup
Selects Fast Deploy
Selects Veteran Crews
1⁄4-ton 4x4 Truck
1⁄4-ton 4x4 Truck
Riflemen Squad
Riflemen Squad
Infantry Support Center
Construct Motor Pool
Engineer Squad
Selects M31 Recovery Vehicle
M8 Greyhound Armored Car
Selects War Machine
M24 Chaffee Light Tank
Construct Medical Station
M8 Greyhound Armored Car
Riflemen Squad
M24 Chaffee Light Tank
M8 Greyhound Armored Car
Selects Seek and Destroy
M8 Greyhound Armored Car
M8 Greyhound Armored Car
M24 Chaffee Light Tank
Engineer Squad
M24 Chaffee Light Tank
Engineer Squad
M8 Greyhound Armored Car
M8 Greyhound Armored Car
Seek and Destroy
M1 Mortar Team
Selects M4A3E8 Sherman Combat Group
M24 Chaffee Light Tank
Seek and Destroy
AI Takeover
Charlotte
Rei
0
0
Comments
sign in to comment!
No comments posted yet!